 Dungeon Crawl Stone Soup version 0.15.2 (webtiles) character file.

67 Huymann the Magician (level 3, 0/28 HPs)
             Began as a Deep Elf Wizard on July 18, 2017.
             Slain by an adder (2 damage)
             ... on Level 3 of the Dungeon.
             The game lasted 00:19:11 (1939 turns).

Huymann the Magician (Deep Elf Wizard)              Turns: 1939, Time: 00:19:11

HP   0/28        AC 21     Str  4      XL: 3   Next: 98%
MP   0/22        EV  2     Int 22      God:
Gold 72          SH  0     Dex 14      Spells:  3 memorised,  5 levels left

rFire  . . .     SeeInvis .     (no weapon)
rCold  . . .     Clarity  .     p - melded +0 robe
rNeg   + + +     rCorr    .     (no shield)
rPois  +         rRot     .     b - +0 hat
rElec  .         Spirit   +     (cloak currently unavailable)
SustAb .         Warding  .     (gloves currently unavailable)
rMut   .         NoTele   +     (boots currently unavailable)
Gourm  .                        w - amulet of guardian spirit
MR     .....                    (no ring)
                                y - ring of magical power

@: tree-form, not resistant to hostile enchantments, fairly stealthy
A: no striking features
a: no special abilities


You were on level 3 of the Dungeon.
You were not hungry.
You were an animated tree.
You visited 1 branch of the dungeon, and saw 3 of its levels.

You collected 72 gold pieces.

Inventory:

Hand weapons
 i - a +0 dagger
 j - a +0 dagger
Missiles
 e - 28 stones (quivered)
 s - 28 poisoned needles
Armour
 a - a +0 robe
 b - a +0 hat (worn)
 p - a +0 robe (melded)
Magical devices
 x - a wand of polymorph (13)
Comestibles
 d - a bread ration
 n - a rotting chunk of bat flesh
 o - a beef jerky
 t - a chunk of rat flesh
Scrolls
 g - 2 scrolls of teleportation {unknown}
 h - a scroll of remove curse {unknown}
 k - a scroll of blinking {unknown}
 l - a scroll of random uselessness {unknown}
 q - a scroll of enchant weapon {unknown}
 u - a scroll of amnesia {unknown}
Jewellery
 w - an amulet of guardian spirit (around neck)
 y - a ring of magical power (left branch)
Potions
 r - a potion of porridge
Books
 c - a book of Minor Magic

   Spells                             Type                      Level
   *Magic Dart                        Conjuration                  1
   Blink                              Translocation                2
   *Call Imp                          Summoning                    2
   Repel Missiles                     Charms/Air                   2
   Slow                               Hexes                        2
   *Conjure Flame                     Conjuration/Fire             3
   Mephitic Cloud                     Conjuration/Poison/Air       3


   Skills:
 + Level 0.2 Fighting
 * Level 0.6 Short Blades
 * Level 3.6 Dodging
 * Level 3.3 Stealth
 + Level 4.9 Spellcasting
 * Level 1.7 Conjurations
 + Level 1.2 Summonings
   Level 1.1 Translocations


You had 5 spell levels left.
You knew the following spells:

 Your Spells              Type           Power        Failure   Level  Hunger
a - Magic Dart            Conj           ##..         8%          1    None
b - Call Imp              Summ           ##......     12%         2    None
c - Conjure Flame         Conj/Fire      #.......     21%         3    ##.....


Dungeon Overview and Level Annotations

Branches:
Dungeon (3/15)

Altars:

Portals:
Sewer: D:3


Message History

Casting: Call Imp
Confirm with . or Enter, or press ? or * to list all spells.
A beastly little devil appears in a puff of flame.
Your crimson imp hits the giant mite.
The giant mite bites your crimson imp but does no damage.
Zapping:
x - a wand of polymorph (14)
Press: ? - help, Shift-Dir - straight line, f - giant mite
Aim: a giant mite (severely wounded, clinging)
The adder falls off the wall.
The giant mite evaporates and reforms as an adder!
This wand has 13 charges left.
Your crimson imp hits the adder.
You barely miss the adder.
The adder is lightly wounded.
You feel sick.
You are no longer poisoned.
The adder barely misses you.
You hit the adder but do no damage.
The adder is lightly wounded.
The adder bites you.
You die...

###### # ##### #....#
###.##...#########....########
.............5S♣5............#
###.##..)########............#
#......+.....##......#####..#
####.....≈##.##.........# ...
#...≈≈≈##.#..........## ..
.....≈≈≈≈#...................
###.$.≈≈≈≈##.#..........##..
#...≈≈≈∩##.#..........# .
#..###### #..........#


You could see an adder and 2 friendly crimson imps.

Vanquished Creatures
  A green rat (D:3)
  2 giant geckos (D:2)
  A giant cockroach (D:1)
  3 hobgoblins
  3 ball pythons
  5 bats
  4 giant newts
  3 goblins (D:1)
  9 jackals
  A quokka (D:2)
  7 rats
39 creatures vanquished.

Vanquished Creatures (collateral kills)
  Ijyb (D:2)
  2 adders (D:3)
  2 rats
5 creatures vanquished.

Vanquished Creatures (others)
  2 white imps (D:3)
2 creatures vanquished.

Grand Total: 46 creatures vanquished

Notes
Turn   | Place    | Note
--------------------------------------------------------------
     0 | D:1      | Huymann, the Deep Elf Wizard, began the quest for the Orb.
     0 | D:1      | Reached XP level 1. HP: 10/10 MP: 6/6
   399 | D:1      | Reached XP level 2. HP: 15/15 MP: 9/9
  1068 | D:2      | Noticed Ijyb
  1072 | D:2      | Learned a level 2 spell: Call Imp
  1082 | D:2      | Killed Ijyb
  1082 | D:2      | Reached XP level 3. HP: 12/19 MP: 7/13
  1851 | D:3      | Found a glowing drain.
  1896 | D:3      | Learned a level 3 spell: Conjure Flame
  1939 | D:3      | Slain by an adder

Action                   || total
-------------------------++-------
Melee: Dagger            ||   102
       Unarmed           ||     2
 Cast: Magic Dart        ||    43
       Call Imp          ||     6
Evoke: Wand              ||     1
  Use: Scroll            ||     3
       Potion            ||     2
 Stab: Sleeping          ||     3
  Eat: Chunk             ||     3
